Map: Jagannatha LE

Players

RedFox - Winner!

  • Race: Terran Terran

ViBE

  • Race: Terran Terran
  • League: Diamond

VOD

Have the link to the VOD?

Description

Time

  • Played on: April 7, 2021, 9:56 p.m.
  • Length: 7:44
Show
View Real Time Build Order
Export as new Build Order

RedFox Terran - Winner!

Build Orders:  

Get SALT Encoding   

  12  0:02  SCV  
  13  0:14  SCV  
  13  0:17  Refinery  
  14  0:26  Supply Depot  
  14  0:29  SCV  
  15  0:39  Refinery  
  15  0:52  Barracks  
  15  0:56  SCV  
  16  1:08  SCV  
  17  1:17  Supply Depot  
  17  1:23  SCV  
  18  1:38  SCV  
  19  1:50  SCV, Factory  
  19  1:51  Reaper  
  21  2:02  Supply Depot  
  22  2:23  Orbital Command  
  21  2:43  Starport  
  21  2:46  Starport  
  21  2:54  SCV  
  22  3:06  SCV  
  22  3:07  Hellion  
  24  3:25  Fusion Core, Starport Tech Lab  
  24  3:28  Hellion  
  26  3:35  Starport Tech Lab  
  22  4:05  Supply Depot  
  22  4:14  Battlecruiser  
  28  4:31  Battlecruiser  
  34  4:41  Supply Depot  
  34  4:42  SCV  
  35  4:54  SCV  
  35  4:57  Weapon Refit  
  36  5:10  Command Center  
  36  5:22  Viking  
  36  5:27  Marine  
  39  5:45  Marine  
  40  6:07  SCV  
  41  6:48  SCV  
  41  6:51  SCV  
  43  6:54  Refinery  
  43  7:12  SCV  
  43  7:14  Refinery  
Show
View Real Time Build Order
Export as new Build Order

ViBE Terran 

Build Orders:  

Get SALT Encoding   

  12  0:00  SCV  
  13  0:12  SCV  
  14  0:17  Supply Depot  
  14  0:24  SCV  
  15  0:39  SCV  
  15  0:40  Barracks  
  16  0:45  Refinery  
  16  0:51  SCV  
  17  1:03  SCV  
  18  1:15  SCV  
  19  1:29  Marine  
  19  1:30  Orbital Command  
  20  1:40  Command Center  
  20  1:51  Marine  
  21  1:54  Supply Depot  
  21  1:56  SCV  
  22  2:06  Factory  
  22  2:15  SCV  
  23  2:23  Barracks Reactor  
  23  2:29  Bunker  
  23  2:33  SCV  
  24  2:46  SCV  
  24  2:50  Factory Tech Lab  
  25  2:53  Orbital Command, Barracks  
  25  2:58  SCV  
  26  3:04  Marine x2  
  28  3:10  SCV  
  28  3:11  Siege Tank  
  31  3:21  SCV  
  31  3:22  SCV  
  31  3:23  Refinery  
  33  3:31  Marine  
  33  3:32  Marine  
  33  3:33  SCV  
  36  3:34  SCV  
  37  3:41  Barracks Tech Lab  
  37  3:45  SCV  
  37  3:46  SCV  
  39  3:57  SCV  
  39  3:58  SCV  
  39  4:02  Marine x3  
  41  4:05  Siege Tank  
  46  4:10  SCV  
  46  4:32  Supply Depot x2  
  46  4:33  Supply Depot, Starport  
  46  4:53  Marine x3, Supply Depot, SCV x2  
  46  4:55  Stimpack  
  51  5:05  SCV x2  
  53  5:09  Command Center  
  53  5:10  Starport Reactor  
  53  5:11  Marine x3  
  59  5:18  SCV x2  
  61  5:29  Marine x3  
  61  5:30  SCV x2  
  66  5:36  Cyclone  
  66  5:38  Engineering Bay  
  66  5:42  SCV x2  
  68  5:47  Marine, Viking x2  
  68  5:48  Marine x2  
  69  5:54  SCV x2  
  51  6:10  Missile Turret x2  
  51  6:11  Marine x2  
  46  6:17  SCV  
  46  6:18  SCV  
  40  6:29  SCV  
  40  6:30  SCV  
  40  6:31  Marine x3, Refinery  
  39  6:34  Refinery  
  39  6:42  SCV x2  
  40  6:49  Marine x2  
  40  6:54  Marine, SCV x2  
  42  6:58  Missile Turret  
  42  7:01  Missile Turret  
  42  7:07  Marine  
  44  7:08  SCV x2  
  44  7:12  Marine  
  44  7:20  SCV  
  44  7:21  SCV  
  44  7:22  Missile Turret  
  44  7:24  Marine  
  38  7:34  Missile Turret  
  38  7:39  Missile Turret  
Tags
 
League
Diamond
Matchup
TvT
Player
ViBE
Race
Terran
Replay Pack
Platinum_League
Add a new tag
Caveats
  • Supply blocks, unpowered buildings, or Contaminate may cause inaccurate times.
  • Supply counts are checked every 10 seconds.